AoeStats
← Fiction

Nomad

508301991Analyzed
2v2 RM · 9d ago on Sep 21, 2026· 28m 57s· 4 players
Game mode
Random Map
Map size
176×176
Population
200
Speed
Normal
Resources
Standard
Victory
Conquest
Starting age
Dark Age
Ending age
Imperial Age
RankedLock teamsTeams togetherTeam positionsShared explorationLock speedFull tech treeHidden civsTurbo modeCheats
Victory
Defeat
🇨🇭 Berbers · Switzerland
1515
+14
🇨🇭 Malians · Switzerland
1444
+18
🇺🇸 Japanese · United States
1475
-16
🇺🇸 Koreans · United States
1472
-16
Edward Teach
4:36 Loom
14:02 Feudal Age
14:52 Double-Bit Axe
15:42 Town Watch
15:55 Fletching
17:25 Gold Mining
21:41 Castle Age
20:33 Gold Mining
20:24 Horse Collar
22:21 Bodkin Arrow
24:13 Bow Saw
26:58 Padded Archer Armor
27:34 Thumb Ring
turb0surge
5:08 Loom
14:32 Feudal Age
18:09 Castle Age
17:33 Double-Bit Axe
17:50 Fletching
23:28 Bow Saw
24:28 Bodkin Arrow
26:13 Town Watch
Fiction
4:04 Loom
12:33 Feudal Age
15:29 Town Watch
18:06 Castle Age
29:08 Scale Mail Armor
Jiav
7:59 Loom
13:07 Feudal Age
17:23 Castle Age
15:41 Double-Bit Axe
16:32 Gold Mining
17:44 Forging
17:39 Scale Barding Armor
24:09 Husbandry
24:59 Bow Saw
24:41 Horse Collar
27:44 Chain Barding Armor
Connection lost

Rejoining the realm…

Still unreachable

The connection could not be restored.

Session expired

The server has moved on; the page needs a fresh start.